 Dungeon Crawl Stone Soup version 0.19.4-8-ga85b6b9 (console) character file.

37 Grinner the Ducker (level 3, -2/17 HPs)
             Began as a Spriggan Transmuter on Feb 13, 2017.
             Slain by a gnoll
             ... wielding a +0 spear
              (7 damage)
             ... on level 1 of the Dungeon.
             The game lasted 00:04:42 (2281 turns).

Grinner the Ducker (Spriggan Transmuter)            Turns: 2281, Time: 00:04:43

Health: -2/17      AC:  2    Str:  7    XL:     3   Next: 23%
Magic:  7/8        EV: 19    Int: 14    God:
Gold:   9          SH:  0    Dex: 16    Spells: 1 memorised, 7 levels left

rFire  . . .     SeeInvis +     a - +0 short sword (speed)
rCold  . . .     Gourm    .     b - +0 robe
rNeg   . . .     Faith    .     (shield restricted)
rPois  .         Spirit   .     (helmet restricted)
rElec  .         Reflect  .     (no cloak)
rCorr  .         Harm     .     (gloves unavailable)
MR     .....                    (boots unavailable)
Stlth  +.........               g - amulet of magic regeneration
                                (no ring)
                                (no ring)

@: appendage (expiring), very quick
A: unfitting armour, talons 3, see invisible, herbivore 3, speed 3, slow
metabolism 2
a: End Transformation


You were on level 1 of the Dungeon.
You were not hungry.
You had grown temporary talons.
You visited 1 branch of the dungeon, and saw 2 of its levels.

You collected 9 gold pieces.

Inventory:

Hand Weapons
 a - a +0 short sword of speed (weapon)
Armour
 b - a +0 robe (worn)
Jewellery
 g - an amulet of magic regeneration (around neck)
Scrolls
 e - 2 scrolls of identify {unknown}
Books
 c - a book of Changes

   Spells                             Type                      Level
   a - Beastly Appendage              Transmutation                1
   b - Sticks to Snakes               Transmutation                2
   c - Spider Form                    Transmutation/Poison         3
   d - Ice Form                       Ice/Transmutation            4
   e - Blade Hands                    Transmutation                5
Comestibles
 d - a bread ration


   Skills:
 - Level 0.7 Fighting
 * Level 1.3 Short Blades
 - Level 3.8 Dodging
 - Level 2.4 Unarmed Combat
 + Level 3.0 Spellcasting
 - Level 3.6 Transmutations


You had 7 spell levels left.
You knew the following spells:

 Your Spells              Type           Power        Failure   Level  Hunger
z - Beastly Appendage     Tmut           ##....       6%          1    #......


Dungeon Overview and Level Annotations

Branches:
Dungeon (2/15)

Altars:


Innate Abilities, Weirdness & Mutations

You are very small and have problems with some larger weapons.
You are too small for most types of armour.
You have supernaturally acute eyesight. (SInv)
You are a herbivore.
You cover ground extremely quickly.
You need consume almost no food.
You have claws for feet.


Message History

The giant cockroach closely misses you.
You hit the giant cockroach.
You kill the giant cockroach!
You see here a giant cockroach corpse.
You see here a leopard gecko skeleton.
You start resting.
Casting: Beastly Appendage
Confirm with . or Enter, or press ? or * to list all spells.
Your feet morph into talons.
The gnoll hits you with a spear.
* * * LOW HITPOINT WARNING * * *
You are too injured to fight recklessly!
You hit the gnoll but do no damage. You claw the gnoll, but do no damage.
The gnoll is lightly wounded.
You hit the gnoll but do no damage. You claw the gnoll, but do no damage.
The gnoll is lightly wounded.
The gnoll misses you.
You hit the gnoll.
The gnoll is moderately wounded.
The gnoll hits you with a spear!
You die...

########.####.###.####
.........#......♣.♣..###
####.#####.#...........#
#♣♣♣.# #.#.#♣#♣.♣....#
.....# #.#...........#
.♣♣♣## #.#..♣.♣.♣#.###
...#######.#......##.#
...........#.###♣g♣#.#
...#########.###@.##.#
...#####.........>##.#
....#......#.#######.###
....#......#...........##
....#......#..########..#
#...#......#..........♣♣P#
#...#......#...........PP.#
#...####'###.........♣♣♣..#
#...# #.# #....†)...P♣♣ P#


You could see a gnoll.

Vanquished Creatures
  3 dart slugs (D:1)
  A leopard gecko (D:1)
  2 bats (D:1)
  4 giant cockroaches (D:1)
  5 goblins (D:1)
  2 hobgoblins (D:1)
  2 jackals (D:1)
  2 kobolds (D:1)
  A quokka (D:2)
  2 frilled lizards (D:1)
  3 rats
  A plant (D:1)
28 creatures vanquished.

Notes
Turn   | Place    | Note
-------+----------+-------------------------------------------
     0 | D:1      | Grinner the Spriggan Transmuter began the quest for the Orb.
     0 | D:1      | Reached XP level 1. HP: 9/9 MP: 5/5
   354 | D:1      | Reached XP level 2. HP: 9/14 MP: 6/6
  1272 | D:1      | You fall through a shaft!
  1615 | D:1      | Reached XP level 3. HP: 15/17 MP: 8/8
  1672 | D:1      | Reached skill level 1 in Short Blades
  2281 | D:1      | Slain by a gnoll

Skill      XL: |  1  2  3 |
---------------+----------+-----
Transmutations | 3 |  3.6
Spellcasting   | 3 |  3.0
Short Blades   | 1 |  1.3
Fighting       | |  0.7
Dodging        | |  3.8
Unarmed Combat | |  2.4

Action                   || total
-------------------------++-------
Melee: Unarmed           ||   228
       Kick              ||    34
       Punch             ||     4
       Short sword       ||    54
       Headbutt          ||    11
 Cast: Beastly Appendage ||    13
 Stab: Sleeping          ||     1
Armor: Robe              ||    16
Dodge: Dodged            ||   121
